 Dungeon Crawl Stone Soup version 0.19-a0-1608-g4cf22de (webtiles) character file.

402 4thArraOfDagon the Ruffian (level 6, -2/55 HPs)
             Began as a Troll Warper on Sept 17, 2016.
             Slain by a hippogriff (7 damage)
             ... on level 7 of the Dungeon.
             The game lasted 00:03:56 (1277 turns).

4thArraOfDagon the Ruffian (Troll Warper)           Turns: 1277, Time: 00:03:57

Health: -2/55      AC:  6    Str: 20    XL:     6   Next: 55%
Magic:  6/6        EV: 13    Int: 11    God:
Gold:   95         SH:  0    Dex:  9    Spells: 1 memorised, 6 levels left

rFire  . . .     SeeInvis .       - Unarmed
rCold  . . .     Gourm    +     a - +1 robe
rNeg   . . .     Faith    .     (no shield)
rPois  .         Spirit   .     (helmet restricted)
rElec  .         Dismiss  .     (no cloak)
rCorr  .         Reflect  .     (gloves unavailable)
MR     .....     Harm     .     (boots unavailable)
Stlth  +.........               (no amulet)
                                (no ring)
                                j - +3 ring of evasion

@: lethally poisoned (-2 -> -2)
A: unfitting armour, claws 3, fast metabolism 3, gourmand, regeneration 1,
shaggy fur 1, tough skin 2
a: no special abilities


You were on level 7 of the Dungeon.
You were very full.

You visited 1 branch of the dungeon, and saw 7 of its levels.

You collected 95 gold pieces.

Inventory:

Missiles
 d - 5 tomahawks of dispersal (quivered)
Armour
 a - a +1 robe (worn)
Jewellery
 j - a +3 ring of evasion (left claw)
Wands
 k - a wand of flame (22/48)
 o - a wand of flame (14/48)
Scrolls
 c - 2 scrolls of blinking
 e - a scroll of fear {unknown}
 l - a scroll of fog {unknown}
 m - a scroll of remove curse {unknown}
 n - 2 scrolls of identify {unknown}
 p - a scroll of immolation {unknown}
Potions
 g - a potion of curing {unknown}
 h - 2 potions of brilliance {unknown}
 i - a potion of agility {unknown}
Books
 b - a book of Spatial Translocations

   Spells                             Type                      Level
   a - Apportation                    Translocation                1
   b - Blink                          Translocation                2
   c - Shroud of Golubria             Charms/Translocation         2
   d - Portal Projectile              Translocation                3
   e - Teleport Other                 Translocation                3
   f - Passage of Golubria            Translocation                4
Comestibles
 f - 2 bread rations


   Skills:
 - Level 1.5 Fighting
 - Level 0.8 Throwing
 - Level 1.9 Dodging
 * Level 7.1 Unarmed Combat
 - Level 1.2 Spellcasting
 - Level 2.1 Translocations


You had 6 spell levels left.
You knew the following spells:

 Your Spells              Type           Power        Failure   Level  Hunger
a - Apportation           Tloc           #.........   14%         1    ##.....


Dungeon Overview and Level Annotations

Branches:
Dungeon (7/15)
 Temple: D:4-7

Altars:


Innate Abilities, Weirdness & Mutations

You are too large for most types of armour.
You have claws for hands.
Your metabolism is lightning-fast.
You like to eat raw meat.
Your natural rate of healing is unusually fast.
You are covered in fur. (AC +1)
You have very tough skin. (AC +2)


Message History

You kill the worker ant!
You feel sick.
The hippogriff bites you but does no damage.
The hippogriff pecks you! The hippogriff closely misses you.
You barely miss the hippogriff. The hippogriff misses you. x2
The hippogriff claws you.
You barely miss the hippogriff. The hippogriff misses you.
The hippogriff pecks you. The hippogriff closely misses you.
You mangle the hippogriff!!
The hippogriff is heavily wounded.
You feel sick. The hippogriff bites you. The hippogriff pecks you.
The hippogriff closely misses you.
You completely miss the hippogriff.
The hippogriff is heavily wounded.
The hippogriff bites you!
* * * LOW HITPOINT WARNING * * *
The hippogriff pecks you.
* * * LOW HITPOINT WARNING * * *
The hippogriff claws you!
You die...

##.........
#.....#####
###...###
#.....##
##......##
##...##...##
##...####H..##
##########...##
###..###
#.......@H...#
##...#
#.########..##
#.... #.# ####
##... ### #...
.######...
..........
..........
####......
#......


You could see a hippogriff.

Vanquished Creatures
  A phantom (D:4)
  A centaur (D:7)
  A crimson imp (D:5)
  A jelly (D:7)
  3 worker ants
  4 gnolls (D:3)
  3 adders
  An ooze (D:3)
  An adder zombie (D:7)
  An orc (D:4)
  3 bats
  A giant cockroach (D:2)
  3 goblins
  3 hobgoblins
  2 jackals (D:3)
  4 quokkas
  A frilled lizard (D:2)
  A kobold (D:2)
  A rat (D:1)
36 creatures vanquished.

Notes
Turn   | Place    | Note
-------+----------+-------------------------------------------
     0 | D:1      | 4thArraOfDagon the Troll Warper began the quest for the Orb.
     0 | D:1      | Reached XP level 1. HP: 19/19 MP: 1/1
   325 | D:1      | fantastic d:1
   349 | D:1      | 500turns behind
   349 | D:1      | thats 1 hell
   357 | D:2      | Reached XP level 2. HP: 27/27 MP: 2/2
   420 | D:3      | Reached skill level 3 in Unarmed Combat
   462 | D:3      | Reached XP level 3. HP: 33/33 MP: 3/3
   475 | D:3      | Reached skill level 4 in Unarmed Combat
   513 | D:4      | Reached XP level 4. HP: 41/41 MP: 4/4
   548 | D:4      | ofc
   613 | D:4      | Noticed a phantom
   644 | D:4      | Killed a phantom
   644 | D:4      | Reached skill level 5 in Unarmed Combat
   644 | D:4      | Reached XP level 5. HP: 32/48 MP: 5/5
   666 | D:5      | Entered Level 5 of the Dungeon
   686 | D:5      | Reached skill level 6 in Unarmed Combat
   808 | D:6      | Noticed an orc warrior
   996 | D:7      | Reached XP level 6. HP: 55/55 MP: 6/6
  1171 | D:7      | Reached skill level 7 in Unarmed Combat
  1249 | D:7      | Noticed a hippogriff
  1277 | D:7      | Slain by a hippogriff

Vault maps used:
D:1:      sevenhm_arrival_forest_fort_small_3
D:2:      grunt_gozag_statues
D:4:      kb_forest_paths, hangedman_decor_points
D:5:      first_bread
D:6:      kennysheep_orc_sif_temple, nicolae_alphabet_shops,
          due_unseen_surprise, uniq_blork_the_orc
D:7:      grunt_ogre_cave

Skill      XL: |  1  2  3  4  5  6 |
---------------+-------------------+-----
Unarmed Combat | 3 4 5 6 7 |  7.1
Fighting       | |  1.5
Throwing       | |  0.8
Dodging        | |  1.9
Spellcasting   | |  1.2
Translocations | |  2.1

Action                   |  1- 3 |  4- 6 || total
-------------------------+-------+-------++-------
Melee: Unarmed           |    58 |    61 ||   119
       Punch             |       |     1 ||     1
  Use: Scroll            |       |     3 ||     3
  Eat: Chunk             |     7 |     8 ||    15
Armor: Robe              |    16 |     8 ||    24
Dodge: Dodged            |    26 |    44 ||    70
